 Dungeon Crawl Stone Soup version 0.19-a0-1593-g74e9e56 (webtiles) character file.

210 AlphabetPasta the Poker (level 5, -2/42 HPs)
             Began as a Merfolk Berserker on Sept 16, 2016.
             Was a Believer of Trog.
             Slain by Pikel
             ... wielding a +2 whip of electrocution
              (20 damage)
             ... on level 3 of the Dungeon.
             The game lasted 00:09:55 (3007 turns).

AlphabetPasta the Poker (Merfolk Berserker)         Turns: 3007, Time: 00:09:55

Health: -2/42      AC:  9    Str: 17    XL:     5   Next: 87%
Magic:  5/5        EV:  8    Int:  7    God:    Trog [**....]
Gold:   117        SH:  0    Dex: 14    Spells: 0 memorised, 4 levels left

rFire  . . .     SeeInvis .     a - +0 spear
rCold  . . .     Gourm    .     r - +0 chain mail
rNeg   . . .     Faith    .     (no shield)
rPois  .         Spirit   .     (no helmet)
rElec  .         Dismiss  .     p - +0 cloak
rCorr  .         Reflect  .     (no gloves)
MR     .....     Harm     .     (no boots)
Stlth  ..........               (no amulet)
                                (no ring)
                                (no ring)

@: no status effects
A: change form in water, swift swim, stealthy swim
a: Berserk, Trog's Hand, Burn Spellbooks, Renounce Religion


You were on level 3 of the Dungeon.
You worshipped Trog.
Trog was pleased with you.
You were very hungry.

You visited 1 branch of the dungeon, and saw 4 of its levels.

You collected 117 gold pieces.

Inventory:

Hand Weapons
 a - a +0 spear (weapon)
Armour
 b - a +0 animal skin
 m - a +0 ring mail
 p - a +0 cloak (worn)
 r - a +0 chain mail (worn)
 s - a +0 scale mail
Jewellery
 i - an uncursed amulet of dismissal {unknown}
 t - a cursed -6 ring of evasion {unknown}
Scrolls
 h - 3 scrolls of remove curse
 j - a scroll of amnesia {unknown}
 x - a scroll of fear {unknown}
 y - a scroll of enchant weapon {unknown}
Potions
 d - a potion of magic {unknown}
 e - 2 potions of haste {unknown}
 g - a potion of lignification {unknown}
 k - a potion of agility {unknown}
 l - 2 potions of ambrosia
 o - 2 potions of brilliance {unknown}
 q - 3 potions of curing
 v - a potion of invisibility {unknown}
 w - a potion of degeneration {unknown}
Comestibles
 c - 2 bread rations
 n - 2 fruits
 u - a meat ration


   Skills:
 + Level 4.2 Fighting
 * Level 6.2 Polearms
 + Level 2.0 Throwing
 + Level 2.2 Armour
 + Level 3.8 Dodging


You had 4 spell levels left.
You didn't know any spells.

Dungeon Overview and Level Annotations

Branches:
Dungeon (4/15)
 Temple: D:4-7

Altars:

Annotations:
D:3 Pikel


Message History

The hound barely misses you.
You puncture the hound!
You kill the hound!
Trog accepts your kill.
You climb downwards.
Level annotation: Pikel The slave closely misses you.
A frilled lizard comes into view.
There is a stone staircase leading up here.
The frilled lizard hisses angrily.
Pikel hits you with a whip of electrocution.
The slave hits you.
You climb upwards.
There is a stone staircase leading down, spattered with blood here.
You're too hungry to go berserk.
You start eating one of the 2 fruits.
Pikel cracks his whip.
Pikel hits you with a whip of electrocution!
You are electrocuted!
You die...

#.###.##.##.##.#### #.#
..###....##.##.# #.#
.......#.##.##.#######.#
#####..#.##............#
#....#....##.#########
#.#######....#
#....#....#..# #
###..#.####.)##### ##
#..#.......p@K.# .#
#.....(....###.# .#
#..######.## #.# .# #..#
#.# #.# .# #..# #.# #.#
.#####.# #.####.#
.......# #.#....#
.#####.# #......# .# #.#
#......#


You could see Pikel and a slave.

Vanquished Creatures
  A slave (D:3)
  An orc wizard (D:4)
  A hound (D:3)
  A worker ant (D:4)
  Terence (D:3)
  3 adders
  2 oozes (D:3)
  A worm (D:2)
  A dart slug (D:1)
  A leopard gecko (D:3)
  6 orcs
  7 bats
  2 giant cockroaches
  5 goblins
  5 hobgoblins
  7 jackals
  5 frilled lizards
  9 kobolds
  6 rats
65 creatures vanquished.

Notes
Turn   | Place    | Note
-------+----------+-------------------------------------------
     0 | D:1      | AlphabetPasta the Merfolk Berserker began the quest for the Orb.
     0 | D:1      | Reached XP level 1. HP: 18/18 MP: 1/1
   269 | D:1      | Reached XP level 2. HP: 21/24 MP: 2/2
   742 | D:1      | Reached skill level 5 in Polearms
  1124 | D:2      | Reached XP level 3. HP: 29/29 MP: 3/3
  1347 | D:2      | Reached ** piety under Trog
  1362 | D:2      | Reached skill level 1 in Throwing
  1922 | D:3      | Noticed Terence
  1931 | D:3      | Killed Terence
  1931 | D:3      | Reached XP level 4. HP: 37/37 MP: 4/4
  2458 | D:3      | Reached XP level 5. HP: 42/42 MP: 5/5
  2669 | D:4      | Reached skill level 6 in Polearms
  2927 | D:4      | Noticed a slave
  2934 | D:4      | Noticed a slave
  2954 | D:3      | Killed a slave
  2987 | D:4      | Noticed Pikel
  2987 | D:4      | Noticed a slave
  2988 | D:4      | Noticed a slave
  3007 | D:3      | Slain by Pikel

Vault maps used:
D:1:      saegor_arrival_simple_e, minmay_misc_feat_chi
D:3:      first_bread, uniq_terence
D:4:      uniq_pikel

Skill      XL: |  1  2  3  4  5 |
---------------+----------------+-----
Polearms       | 5 6 |  6.2
Dodging        | 3 |  3.8
Throwing       | 1 2 |  2.0
Fighting       | 4 |  4.2
Armour         | 2 |  2.2

Action                   |  1- 3 |  4- 6 || total
-------------------------+-------+-------++-------
Melee: Spear             |   180 |   134 ||   314
Invok: Berserk           |     2 |     3 ||     5
  Use: Scroll            |       |     3 ||     3
 Stab: Sleeping          |     1 |       ||     1
  Eat: Chunk             |     4 |     7 ||    11
Armor: Animal skin       |     3 |       ||     3
       Ring mail         |    25 |       ||    25
       Chain mail        |     2 |    45 ||    47
Dodge: Dodged            |    69 |    38 ||   107
